Map: Dusk Towers

Players

Miszu

  • Race: Terran Terran
  • League: Master

KoyoT - Winner!

  • Race: Terran Terran
  • League: Master

VOD

Have the link to the VOD?

Description

Time

  • Played on: March 12, 2016, 5 p.m.
  • Length: 4:29
Show
View Real Time Build Order
Export as new Build Order

Miszu Terran 

Build Orders:  

Get SALT Encoding   

  12  0:00  SCV  
  13  0:12  SCV  
  14  0:17  Supply Depot  
  14  0:25  SCV  
  15  0:39  SCV  
  15  0:40  Barracks  
  16  0:45  Refinery  
  16  0:51  SCV  
  17  1:03  SCV  
  18  1:15  SCV  
  19  1:27  Orbital Command  
  19  1:29  Barracks Reactor  
  19  1:42  Command Center  
  19  1:55  SCV  
  19  1:57  Refinery  
  20  2:05  Factory  
  20  2:06  Marine  
  21  2:10  Marine  
  21  2:12  SCV  
  23  2:29  Supply Depot  
  23  2:50  Starport, Factory Tech Lab, SCV  
  24  2:54  Marine x2  
  24  2:57  Orbital Command  
  26  3:02  SCV  
  27  3:09  Siege Tank  
  30  3:14  SCV  
  30  3:18  Marine x2  
  33  3:23  SCV  
  33  3:26  Medivac  
  33  3:27  SCV  
  37  3:30  Supply Depot  
  37  3:36  SCV  
  37  3:40  SCV  
  39  3:48  SCV  
  40  3:52  SCV  
  40  3:53  Supply Depot  
  41  4:00  SCV  
  42  4:04  SCV  
  42  4:06  Command Center  
  43  4:12  SCV  
  43  4:16  SCV  
  45  4:17  Barracks  
  45  4:18  Barracks  
  45  4:23  Starport Reactor  
  45  4:28  Engineering Bay  
Show
View Real Time Build Order
Export as new Build Order

KoyoT Terran - Winner!

Build Orders:  

Get SALT Encoding   

  12  0:01  SCV  
  13  0:13  SCV  
  14  0:17  Supply Depot  
  14  0:25  SCV  
  15  0:38  SCV  
  15  0:42  Barracks  
  16  0:50  SCV  
  17  1:03  SCV  
  18  1:15  SCV  
  19  1:22  Command Center  
  19  1:29  Orbital Command  
  19  1:30  Marine  
  20  1:39  Supply Depot  
  20  1:46  Refinery  
  20  1:49  Refinery  
  20  1:50  Marine  
  21  1:56  SCV  
  22  2:08  SCV  
  22  2:11  Marine  
  24  2:21  SCV  
  26  2:33  SCV  
  26  2:34  Factory, Orbital Command  
  27  2:40  Barracks Reactor  
  26  2:45  SCV  
  27  2:57  SCV  
  28  2:59  Supply Depot  
  28  3:01  SCV  
  29  3:09  SCV  
  30  3:13  SCV  
  30  3:17  Marine x2, Factory Tech Lab  
  30  3:18  Starport  
  33  3:21  SCV  
  33  3:26  SCV  
  35  3:33  SCV  
  36  3:36  Siege Tank  
  36  3:37  Marine x2  
  36  3:39  SCV  
  42  3:42  Supply Depot  
  42  3:45  SCV  
  42  3:47  Engineering Bay  
  43  3:52  SCV  
  43  3:55  Marine x2  
  46  3:57  SCV  
  50  4:04  SCV  
  50  4:09  SCV  
Tags
 
Add a new tag
Caveats
  • Supply blocks, unpowered buildings, or Contaminate may cause inaccurate times.
  • Supply counts are checked every 10 seconds.